 Dungeon Crawl Stone Soup version 0.28.0-53-g5a82cb258f (webtiles) character file.

Game seed: 18307382516638442109

98 GigaChad the Ducker (level 4, -8/44 HPs)
             Began as a Troll Fighter on Aug 19, 2022.
             Was a Believer of Lugonu.
             Mangled by an ogre
             ... wielding a +0 giant spiked club
              (28 damage)
             ... on level 2 of the Dungeon.
             The game lasted 00:04:45 (860 turns).

GigaChad the Ducker (Troll Fighter)                  Turns: 860, Time: 00:04:46

Health: -8/44      AC:  4    Str: 24    XL:     4   Next: 43%
Magic:  3/3        EV:  9    Int:  6    God:    Lugonu [**....]
Gold:   66         SH:  7    Dex: 11    Spells: 3/3 levels left

rFire   . . .      SeeInvis .   a - +0 long sword
rCold   . . .      Faith    .   c - +0 kite shield
rNeg    . . .      Spirit   .   b - +0 robe
rPois   .          Reflect  .   (helmet restricted)
rElec   .          Harm     .   (no cloak)
rCorr   .          Rampage  .   (gloves unavailable)
Will    .....                   (boots unavailable)
Stlth   +.........              (no amulet)
HPRegen 0.94/turn               (no ring)
MPRegen 0.08/turn               (no ring)

@: no status effects
A: large, unfitting armour, claws 3, regeneration 1, shaggy fur 1, tough skin 1,
hooves 1, agile 1
a: Renounce Religion, Depart the Abyss, Bend Space


You were on level 2 of the Dungeon.
You worshipped Lugonu.
Lugonu was pleased with you.
You visited 1 branch of the dungeon, and saw 2 of its levels.

You collected 66 gold pieces.

Inventory:

Hand Weapons
 a - a +0 long sword (weapon)
Armour
 b - a +0 robe (worn)
 c - a +0 kite shield (worn)
Wands
 d - a wand of polymorph (4)
Scrolls
 e - a scroll of teleportation {unknown}


   Skills:
 + Level 2.9 Fighting
 + Level 2.6 Long Blades
 + Level 2.9 Dodging
 + Level 2.9 Shields


You had 3 spell levels left.
You didn't know any spells.
Your spell library contained the following spells:

 Spells                   Type           Power      Damage    Failure   Level
 Stone Arrow              Conj/Erth      0%         3d7       98%         3
 Animate Armour           Summ/Erth      0%         N/A       100%        4
 Lehudib's Crystal Spear  Conj/Erth      0%         10d2      100%        8


Dungeon Overview and Level Annotations

Branches:
Dungeon (2/15)

Altars:
Lugonu


Innate Abilities, Weirdness & Mutations

You are too large for most types of armour.
You have claws for hands.
Your natural rate of healing is unusually fast.
You are covered in fur. (AC +1)
You have tough skin. (AC +1)
You have large cloven feet.
You are agile. (Dex +2)


Message History

The gnoll shouts!
A gnoll comes into view. It is wielding a +0 halberd.
A gnoll comes into view. It is wielding a +0 flail.
The gnoll shouts!
You slash the gnoll!
The gnoll is almost dead.
An ogre comes into view. It is wielding a +0 giant spiked club.
The gnoll hits you with a +0 whip. You block the gnoll's attack.
The gnoll hits you with a +0 whip!
The ogre shouts!
You hit the gnoll.
The gnoll is heavily wounded.
You hear a shout!
You hear an angry hiss.
You block the gnoll's attack. The gnoll hits you with a +0 whip.
You slash the gnoll!
The gnoll is almost dead.
The gnoll hits you with a +0 halberd! The gnoll hits you with a +0 whip.
You block the gnoll's attack. x2
You hit the gnoll.
You kill the gnoll!
Lugonu accepts your kill. The gnoll barely misses you.
You block the gnoll's attack. The gnoll hits you with a +0 whip.
The gnoll hits you with a +0 flail.
You see here a +0 halberd.
A ball python comes into view.
A hobgoblin comes into view.
You block the gnoll's attack.
The ball python hisses angrily.
The hobgoblin shouts!
Found 10 gold pieces.
The ogre hits you with a +0 giant spiked club.
You closely miss the gnoll. You kick the gnoll.
You kill the gnoll!
Lugonu accepts your kill. The gnoll hits you with a +0 flail.
The ogre barely misses you.
You closely miss the ogre. You block the gnoll's attack.
You block the ball python's attack.
The ogre hits you with a +0 giant spiked club!!
Ouch! That really hurt!
You die...

.......>...##'###
#...........##.#
#...........##.#
#.....#######..#
####.......## #.<#
.........#..## #.##
##....≈.....###.#
##...S........##.#
#...@O......)..#†#
#.....g...........#
#.......g..........#
.........§.§§........#
..$.....≈§§§≈≈.......#
.......§≈####§§......#
.......≈## ##§......#
.......≈# #≈.....≈#
#§......#


You could see an ogre, a gnoll, a hobgoblin and a ball python.

Vanquished Creatures
  Jessica (D:2)
  2 gnolls (D:2)
  An adder (D:2)
  A dart slug (D:2)
  2 bats
  4 endoplasms
  2 goblins (D:1)
  A hobgoblin (D:1)
  9 jackals (D:1)
  3 quokkas
  A ball python (D:2)
  2 frilled lizards (D:1)
  7 kobolds
  2 rats (D:1)
38 creatures vanquished.

Notes
Turn   | Place    | Note
-------+----------+-------------------------------------------
     0 | D:1      | GigaChad the Troll Fighter began the quest for the Orb.
     0 | D:1      | Reached XP level 1. HP: 22/22 MP: 0/0
    69 | D:1      | Reached XP level 2. HP: 29/29 MP: 1/1
   381 | D:1      | Reached XP level 3. HP: 34/36 MP: 2/2
   657 | D:2      | Noticed Jessica
   662 | D:2      | Killed Jessica
   681 | D:2      | Gained mutation: You are agile. (Dex +2) [potion of
                  | mutation]
   681 | D:2      | Gained mutation: You have large cloven feet. [potion of
                  | mutation]
   686 | D:2      | Reached XP level 4. HP: 44/44 MP: 3/3
   744 | D:2      | Found a faded altar of an unknown god.
   759 | D:2      | Prayed at the altar of an unknown god.
   759 | D:2      | Became a worshipper of Lugonu the Unformed
   759 | D:2      | Reached * piety under Lugonu
   759 | D:2      | Reached ** piety under Lugonu
   845 | D:2      | Noticed an ogre
   860 | D:2      | Mangled by an ogre

Illustrated notes

Levels and vault maps discovered:
D:1:      matt_arrival_refuge, layout_basic
D:2:      layout_basic, chequers_ecumenical_altar_simple_redux,
          kennysheep_decorative_pillar, uniq_jessica

Skill      XL: |  1  2  3 |
---------------+----------+-----
Long Blades    | 2 |  2.6
Fighting       | |  2.9
Dodging        | |  2.9
Shields        | |  2.9

Action                   |  1- 3 |  4- 6 || total
-------------------------+-------+-------++-------
Melee: Long sword        |    73 |    15 ||    88
       Unarmed           |     5 |       ||     5
       Kick              |       |     4 ||     4
Evoke: Wand              |     2 |       ||     2
  Use: Potion            |     3 |       ||     3
       Scroll            |     1 |       ||     1
Armor: Robe              |    45 |     3 ||    48
Dodge: Dodged            |    38 |     3 ||    41
Block: Kite shield       |    27 |    12 ||    39
